 Dungeon Crawl Stone Soup version 0.26-a0-652-gafc20e3620 (webtiles) character file.

Game seed: 8865270579379355324

4669 Kraken2834 the Spear-Bearer (level 10, -11/93 HPs)
             Began as a Minotaur Fighter on Oct 1, 2020.
             Was an Elder of Okawaru.
             Killed by the air
             ... invoked by Gastronok
              (26 damage)
             ... on level 8 of the Dungeon.
             The game lasted 00:30:16 (6950 turns).

Kraken2834 the Spear-Bearer (Minotaur Fighter)      Turns: 6950, Time: 00:30:21

Health: -11/93     AC: 19    Str: 30    XL:     10   Next: 20%
Magic:  7/9        EV: 11    Int:  5    God:    Okawaru [****..]
Gold:   481        SH: 13    Dex: 10    Spells: 9/9 levels left

rFire    + + .     SeeInvis .   y - +4 spear
rCold    . . .     Faith    .   c - +0 kite shield
rNeg     . . .     Spirit   .   h - +1 fire dragon scales
rPois    +         Reflect  .   (helmet restricted)
rElec    .         Harm     .   (no cloak)
rCorr    .         Rampage  .   v - +0 pair of gloves
MR       .....                  t - +2 pair of boots
Stlth    +.........             r - amulet of the acrobat
HPRegen  0.25/turn              s - +6 ring of strength
MPRegen  0.11/turn              w - ring of poison resistance

@: heroism, studying Short Blades
A: retaliatory headbutt, hooves 1, horns 2, blurry vision 1, cold resistance 1
a: Heroism, Renounce Religion


You were on level 8 of the Dungeon.
You worshipped Okawaru.
Okawaru was greatly pleased with you.
You visited 1 branch of the dungeon, and saw 8 of its levels.

You collected 481 gold pieces.

Inventory:

Hand Weapons
 a - a +0 trident
 k - a +1 halberd of electrocution
 y - a +4 spear (weapon)
Armour
 c - a +0 kite shield (worn)
 h - +1 fire dragon scales (worn)
 t - a +2 pair of boots (worn)
 v - a +0 pair of gloves (worn)
Jewellery
 n - an uncursed ring of wizardry
 r - an amulet of the acrobat (around neck)
 s - a +6 ring of strength (left hand)
 w - a ring of poison resistance (right hand)
Wands
 b - a wand of flame (13)
 d - a wand of paralysis (11)
 m - a wand of polymorph (5)
 x - a wand of acid (10)
Scrolls
 e - 14 scrolls of identify
 g - 3 scrolls of remove curse
 j - a scroll of teleportation
 l - a scroll of fear
 p - a scroll of blinking
Potions
 f - 3 potions of lignification
 i - 3 potions of magic
 q - a potion of flight
Books
 o - a manual of Short Blades


   Skills:
 * Level 10.1(15.1) Fighting
 + Level 11.8(16.8) Polearms
 + Level 9.1(14.1) Armour
 * Level 6.1(11.1) Shields
 - Level 0.3 Invocations


You had 9 spell levels left.
You didn't know any spells.
Your spell library contained the following spells:

 Spells                   Type           Power        Failure   Level
 Foxfire                  Conj/Fire      #...         86%         1
 Confusing Touch          Hex            #.......     99%         3
 Conjure Flame            Conj/Fire      #.......     99%         3
 Gell's Gravitas          Tloc           #.........   99%         3
 Inner Flame              Hex/Fire       #.......     99%         3
 Petrify                  Tmut/Erth      #.......     100%        4
 Sticky Flame             Conj/Fire      #.......     100%        4
 Fireball                 Conj/Fire      #.........   100%        5
 Metabolic Englaciation   Hex/Ice        #.........   100%        5
 Yara's Violent Unravell  Hex/Tmut       #.........   100%        5


Dungeon Overview and Level Annotations

Branches:
Dungeon (8/15)             Temple (0/1) D:4
   Lair: D:8-11

Altars:
Ashenzari
Okawaru
Qazlal
Ru
Uskayaw
Zin

Annotations:
D:8 Gastronok


Innate Abilities, Weirdness & Mutations

You reflexively headbutt those who attack you in melee.
You have a pair of horns on your head.
You have large cloven feet.
Scrolls take you a little longer to read.
Your flesh is cold resistant. (rC+)


Message History

Gastronok is moderately wounded.
The rat barely misses you. You furiously retaliate!
You headbutt the rat.
You kill the rat!
The rat's corpse disappears in a puff of smoke!
You hit Gastronok.
Gastronok is moderately wounded.
Gastronok chants a spell, wobbling all the while.
Your legs wobble like jelly.
You hit Gastronok.
Gastronok is moderately wounded.
You block the iguana's attack.
You hit Gastronok. You headbutt Gastronok!
Gastronok is heavily wounded.
You puncture Gastronok! You headbutt Gastronok!
Gastronok is severely wounded.
You block the iguana's attack.
Gastronok gurgles, "I bet you'll be tasty."
Gastronok waves his eye-stalks in wide circles.
The air twists around and strikes you!!
You die...

#.....#.####### #...#...##
#.......######## ####....#####
#............... .........†...
#.....########## ###..###..###
#.....# .............
#.....##############....###......
####.............................
.............§.##w...............
..............tl@.# ####.......
........###..§§#### ##.....(
........# #......... ###...#.
######### #.Pl...P.P ...####
♣.t..♣r...P #..# ............
#..## #.......P.... #.<.
........../P. ###. ...PP....PP #.


You could see Gastronok (swift), a crocodile and an iguana.

Vanquished Creatures
  An ugly thing (D:8)
  Maggie (D:8)
  A wyvern (D:8)
  4 yaks (D:8)
  Eustachio (D:4)
  The ghost of Megalobster the Chopper, an amateur DDFi (D:4)
  Menkaure (D:5)
  2 porcupines (D:8)
  A hornet zombie (D:6)
  An ice beast (D:8)
  A black bear (D:8)
  2 phantoms (D:4)
  3 ogres
  A centaur (D:8)
  3 crocodiles (D:8)
  2 bullfrogs (D:8)
  2 scorpions
  7 killer bees
  5 wights (D:8)
  A howler monkey (D:7)
  A quasit (D:5)
  A gnoll shaman (D:4)
  2 hounds
  2 orc priests
  A centaur skeleton (D:8)
  A jelly (D:8)
  5 worker ants
  An iguana (D:6)
  An orc wizard (D:8)
  A howler monkey zombie (D:7)
  A worker ant zombie (D:7)
  12 adders
  17 gnolls
  2 shadow imps (D:5)
  A white imp (D:8)
  An ufetubus (D:5)
  An adder skeleton (D:7)
  5 worms
  4 dart slugs
  3 leopard geckos
  16 orcs
  2 ball pythons (D:5)
  12 bats
  3 giant cockroaches
  11 goblins
  11 hobgoblins
  8 kobolds
  2 quokkas
  A ball python skeleton (D:4)
  4 frilled lizards
  A jackal skeleton (D:5)
  A quokka skeleton (D:6)
  7 rats
183 creatures vanquished.

Vanquished Creatures (others)
  2 bushes (D:8)
  3 fungi (D:8)
  12 plants
17 creatures vanquished.

Grand Total: 200 creatures vanquished

Notes
Turn   | Place    | Note
-------+----------+-------------------------------------------
     0 | D:1      | Kraken2834 the Minotaur Fighter began the quest for the
                  | Orb.
     0 | D:1      | Reached XP level 1. HP: 19/19 MP: 0/0
    92 | D:1      | Reached XP level 2. HP: 25/27 MP: 1/1
   302 | D:1      | Reached XP level 3. HP: 33/33 MP: 2/2
   378 | D:1      | Reached skill level 3 in Polearms
   852 | D:2      | Found an iron altar of Okawaru.
   852 | D:2      | Found a glowing silver altar of Zin.
   857 | D:2      | Became a worshipper of Warmaster Okawaru
  1266 | D:3      | Reached XP level 4. HP: 40/40 MP: 3/3
  1541 | D:3      | Reached skill level 4 in Polearms
  1880 | D:3      | Reached XP level 5. HP: 39/46 MP: 4/4
  2155 | D:4      | Reached skill level 5 in Polearms
  2197 | D:4      | Reached * piety under Okawaru
  2338 | D:4      | Noticed a phantom
  2361 | D:4      | Killed a phantom
  2361 | D:4      | Reached skill level 5 in Armour
  2361 | D:4      | Reached XP level 6. HP: 50/53 MP: 5/5
  2445 | D:4      | Found a transporter.
  2458 | D:4      | Noticed Megalobster's ghost (amateur DDFi)
  2475 | D:4      | Found a transporter.
  2477 | D:4      | Reached skill level 5 in Shields
  2502 | D:4      | Killed Megalobster's ghost
  2502 | D:4      | Reached skill level 5 in Fighting
  2502 | D:4      | Reached skill level 6 in Polearms
  2502 | D:4      | Reached XP level 7. HP: 61/61 MP: 4/6
  3066 | D:4      | Noticed Eustachio
  3071 | D:4      | Found a hide-covered altar of Uskayaw.
  3078 | D:4      | Killed Eustachio
  3078 | D:4      | Reached skill level 7 in Polearms
  3167 | D:4      | Found a staircase to the Ecumenical Temple.
  3542 | D:5      | Entered Level 5 of the Dungeon
  3623 | D:5      | Found a stormy altar of Qazlal.
  3655 | D:5      | Noticed Menkaure
  3662 | D:5      | Killed Menkaure
  3662 | D:5      | Reached XP level 8. HP: 71/71 MP: 4/7
  3838 | D:5      | Found a sacrificial altar of Ru.
  3852 | D:5      | Reached ** piety under Okawaru
  3865 | D:5      | Gained mutation: Scrolls take you a little longer to read.
                  | [potion of mutation]
  3865 | D:5      | Gained mutation: You have large cloven feet. [potion of
                  | mutation]
  3865 | D:5      | Gained mutation: Your flesh is cold resistant. (rC+)
                  | [potion of mutation]
  3930 | D:5      | Reached skill level 8 in Polearms
  4794 | D:6      | Found a broken altar of Ashenzari.
  4976 | D:6      | Reached skill level 9 in Polearms
  6212 | D:8      | Reached XP level 9. HP: 82/82 MP: 8/8
  6334 | D:8      | Noticed a cyan ugly thing
  6341 | D:8      | Reached skill level 10 in Polearms
  6348 | D:8      | Killed a cyan ugly thing
  6348 | D:8      | Reached *** piety under Okawaru
  6770 | D:8      | Noticed Maggie
  6778 | D:8      | Reached **** piety under Okawaru
  6778 | D:8      | Reached skill level 11 in Polearms
  6792 | D:8      | Killed Maggie
  6842 | D:8      | Reached XP level 10. HP: 58/93 MP: 9/9
  6893 | D:8      | Noticed Gastronok
  6914 | D:8      | Reached skill level 10 in Fighting
  6950 | D:8      | Killed from afar by Gastronok

Illustrated notes

Levels and vault maps discovered:
D:1:      nagdon_arrival_zigzag_paths, layout_basic, minmay_pentomino_v2
D:2:      layout_basic, gammafunk_temple_overflow_wave,
          chequers_serial_rivers_micro_d
D:3:      cheibrodos_greedy_goblins, layout_loops_corners
D:4:      layout_loops_ring, overflow_temple_1_default, temple_green,
          gammafunk_ghost_gnarly_gnolls, serial_glass, glass_columns_a,
          glass_columns_a, uniq_eustachio
D:5:      layout_gridville, nicolae_ru_awakened_eye, basic_altar, uniq_menkaure
D:6:      layout_basic, ashenzari_altar_1
D:7:      layout_gridville
D:8:      layout_rooms, minmay_lair_entry_grove, uniq_gastronok, uniq_maggie

Skill      XL: |  1  2  3  4  5  6  7  8  9 10 |
---------------+-------------------------------+-----
Armour         | 4 5 6 7 8 9 |  9.1
Polearms       | 3 4 5 6 7 9 11 | 11.8
Fighting       | 4 5 6 8 9 10 | 10.1
Shields        | 4 5 6 |  6.1
Invocations    | |  0.3

Action                   |  1- 3 |  4- 6 |  7- 9 | 10-12 || total
-------------------------+-------+-------+-------+-------++-------
Melee: Trident           |    88 |   183 |    13 |       ||   284
       Headbutt          |    10 |    25 |    35 |    13 ||    83
       Halberd           |       |       |   212 |       ||   212
       Kick              |       |       |     1 |       ||     1
       Spear             |       |       |    34 |    60 ||    94
Invok: Heroism           |       |     2 |     6 |     2 ||    10
  Use: Scroll            |     4 |     1 |     5 |       ||    10
       Potion            |     4 |     2 |     6 |       ||    12
 Stab: Distracted        |       |       |       |     1 ||     1
Armor: Scale mail        |    23 |     7 |       |       ||    30
       Fire dragon scale |       |    37 |    81 |    10 ||   128
       Skin              |       |     5 |     1 |       ||     6
Dodge: Dodged            |    18 |    30 |    86 |     8 ||   142
Block: Kite shield       |    25 |    75 |    10 |    11 ||   121

Table legend: (Time is in decaauts)
 A = Elapsed time spent in this place.
 B = Non-inter-level travel time spent in this place.
 C = Inter-level travel time spent in this place.
 D = Time resting spent in this place.
 E = Time spent auto-exploring this place.
 F = Levels seen in this place.
 G = Mean time per level.
                   A        B        C        D        E       F      G
               +--------+--------+--------+--------+--------+-----+--------+
         Total |   6938 |   6809 |    129 |    763 |   4732 |   8 |  867.2 |
       Dungeon |   6938 |   6809 |    129 |    763 |   4732 |   8 |  867.2 |
               +--------+--------+--------+--------+--------+-----+--------+

Top non-repeatable levels by time:
     D:4: 1381 daAuts
     D:6: 1340 daAuts
     D:3: 1000 daAuts
     D:8: 722 daAuts
     D:7: 718 daAuts
     D:1: 599 daAuts
     D:5: 588 daAuts
     D:2: 586 daAuts
